 Dungeon Crawl Stone Soup version 0.28.0-53-g5a82cb258f (webtiles) character file.

Game seed: 9458896097744671168

107 MiltankisOP the Poker (level 4, -4/33 HPs)
             Began as a Merfolk Gladiator on July 8, 2022.
             Slain by a goblin
             ... wielding a +1 dagger of venom
             ... led by Robin
              (5 damage)
             ... on level 3 of the Dungeon.
             The game lasted 00:03:10 (2334 turns).

MiltankisOP the Poker (Merfolk Gladiator)           Turns: 2334, Time: 00:03:11

Health: -4/33      AC:  4    Str: 14    XL:     4   Next: 85%
Magic:  4/4        EV: 14    Int:  7    God:
Gold:   44         SH:  0    Dex: 17    Spells: 3/3 levels left

rFire   . . .      SeeInvis .   a - +0 trident
rCold   . . .      Faith    .   (no shield)
rNeg    . . .      Spirit   .   b - +0 leather armour
rPois   .          Reflect  .   c - +0 helmet
rElec   .          Harm     .   (no cloak)
rCorr   .          Rampage  .   (no gloves)
Will    .....                   (no boots)
Stlth   +.........              (no amulet)
HPRegen 0.11/turn               (no ring)
MPRegen 0.09/turn               (no ring)

@: no status effects
A: (nimble swimmer 2), mertail
a: no special abilities


You were on level 3 of the Dungeon.
You visited 1 branch of the dungeon, and saw 3 of its levels.

You collected 44 gold pieces.

Inventory:

Hand Weapons
 a - a +0 trident (weapon)
Missiles
 d - 3 throwing nets (quivered)
Armour
 b - a +0 leather armour (worn)
 c - a +0 helmet (worn)
 h - a +0 helmet
Scrolls
 e - a scroll of identify {unknown}
 f - a scroll of fog {unknown}
 k - a scroll of fear {unknown}
 l - a scroll of immolation {unknown}
Potions
 g - a potion of degeneration {unknown}
 i - a potion of heal wounds {unknown}
 j - a potion of resistance {unknown}


   Skills:
 - Level 2.1 Fighting
 + Level 6.3 Polearms
 - Level 2.0 Throwing
 + Level 5.8 Dodging


You had 3 spell levels left.
You didn't know any spells.
Your spell library was empty.

Dungeon Overview and Level Annotations

Branches:
Dungeon (3/15)

Altars:

Annotations:
D:3 Robin


Innate Abilities, Weirdness & Mutations

((You are very nimble when in or above water. (Stealth+, EV+, Speed+++)))
Your lower body shifts to a powerful aquatic tail in water.


Message History

Robin is severely wounded.
The bat misses you. x2; The goblin hits you with a +0 club.
The goblin barely misses you.
Reach: a) +0 trident
Press: ? - help, Dir - move target, f/p - Robin
Aim: Robin, wielding a +0 dagger, wearing a +2 animal skin and wearing a +0 helmet (severely wounded, fast, about 30% to evade your +0 trident)
You reach to attack!
You hit Robin.
Robin is almost dead.
The bat hits you but does no damage. The goblin hits you with a +0 club.
The goblin closely misses you.
Reach: a) +0 trident
Press: ? - help, Dir - move target, f/p - Robin
Aim: Robin, wielding a +0 dagger, wearing a +2 animal skin and wearing a +0 helmet (almost dead, fast, about 30% to evade your +0 trident)
The bat is in the way.
You miss the bat. The bat hits you but does no damage.
The goblin hits you with a +0 club. The goblin hits you but does no damage.
The bat closely misses you. The goblin hits you with a +0 club.
The bat completely misses you.
Robin flexes a bicep menacingly.
Robin throws the goblin at you! The goblin hits you with a +0 club.
* * * LOW HITPOINT WARNING * * *
Robin throws the goblin at you! The hobgoblin closely misses you.
You hit the goblin.
The goblin is almost dead.
The goblin no longer looks unusually strong.
The bat barely misses you. The goblin barely misses you.
Robin roars a battlecry!
The goblin goes into a battle-frenzy!
The goblin misses you. The goblin hits you with a +0 dagger.
* * * LOW HITPOINT WARNING * * *
The bat closely misses you. The hobgoblin closely misses you.
Reach: a) +0 trident
Press: ? - help, Dir - move target, f/p - Robin
Aim: Robin, wielding a +0 dagger, wearing a +2 animal skin and wearing a +0 helmet (almost dead, fast, about 30% to evade your +0 trident)
You reach to attack!
You barely miss Robin.
Robin is almost dead.
The bat barely misses you. Robin throws the goblin at you!
The goblin hits you with a +0 club.
* * * LOW HITPOINT WARNING * * *
The goblin hits you with a +1 dagger of venom.
You die...

###################
.....†............###
.................gg.#
.................g#.#
................@.#
..
...............ggg#
...
...............b..#
...
....#.#.#.#.#.....#
..
....#.#.#.#.#.....# .
##..#.#.#.#.#.....#
#..#.#.#.#.#....<#
##.#.#.#.#.#.#.###
#...........#.#


You could see Robin (fast), 2 hobgoblins, 3 goblins and a bat.

Vanquished Creatures
  A hound (D:2)
  An adder (D:2)
  2 worms (D:2)
  2 dart slugs
  5 ball pythons
  8 bats
  2 endoplasms
  6 giant cockroaches
  5 goblins
  6 hobgoblins
  4 jackals (D:1)
  4 frilled lizards
  6 kobolds
  2 rats
54 creatures vanquished.

Vanquished Creatures (others)
  A plant (D:2)
  4 toadstools (D:1)
5 creatures vanquished.

Grand Total: 59 creatures vanquished

Notes
Turn   | Place    | Note
-------+----------+-------------------------------------------
     0 | D:1      | MiltankisOP the Merfolk Gladiator began the quest for the
                  | Orb.
     0 | D:1      | Reached XP level 1. HP: 16/16 MP: 1/1
    91 | D:1      | Reached XP level 2. HP: 21/22 MP: 2/2
   414 | D:1      | Reached skill level 5 in Polearms
   559 | D:1      | Reached XP level 3. HP: 24/27 MP: 3/3
  1058 | D:1      | Reached skill level 5 in Dodging
  1492 | D:2      | Reached skill level 6 in Polearms
  1492 | D:2      | Reached XP level 4. HP: 21/33 MP: 4/4
  1763 | D:2      | Found a faded altar of an unknown god.
  2321 | D:3      | Noticed Robin
  2334 | D:3      | HP: 1/33 [goblin/+0 club[Robin] (3)]
  2334 | D:3      | Slain by a goblin

Illustrated notes

Levels and vault maps discovered:
D:1:      ldierk_walled_garden_2, layout_loops_corners, minmay_worlds_worst_comb
D:2:      layout_basic, hellmonk_ecumenical_altar_leap_of_faith,
          serial_bayou_pond_a
D:3:      layout_basic, minmay_misc_feat_rows, uniq_robin, uniq_terence

Skill      XL: |  1  2  3 |
---------------+----------+-----
Polearms       | 5 6 |  6.3
Dodging        | 5 |  5.8
Fighting       | |  2.1
Throwing       | |  2.0

Action                   |  1- 3 |  4- 6 || total
-------------------------+-------+-------++-------
Melee: Trident           |   117 |    62 ||   179
       Punch             |     2 |     1 ||     3
 Stab: Sleeping          |     2 |     2 ||     4
Armor: Leather armour    |    28 |    19 ||    47
Dodge: Dodged            |   100 |    44 ||   144
